 Dungeon Crawl Stone Soup version 0.20.0-15-g7f486f2 (webtiles) character file.

280 Phantomfrettchen the Insei (level 6, -1/50 HPs)
             Began as a Demonspawn Chaos Knight on June 20, 2017.
             Killed from afar by an orc wizard (15 damage)
             ... with an exploding inner flame
             ... hexed by the player character
             ... on level 4 of the Dungeon.
             The game lasted 00:13:24 (2822 turns).

Phantomfrettchen the Insei (DsCK)                   Turns: 2822, Time: 00:13:25

Health: -1/50      AC: 11    Str: 17    XL:     6   Next: 5%
Magic:  6/6        EV: 10    Int: 14    God:    Xom [...*..]
Gold:   214        SH:  0    Dex: 14    Spells: 5/5 levels left

rFire    + . .     SeeInvis .     - Unarmed
rCold    x . .     Gourm    .   (no shield)
rNeg     . . .     Faith    .   x - +2 scale mail {MR+}
rPois    .         Spirit   .   (helmet restricted)
rElec    .         Reflect  .   n - +0 cloak
rCorr    .         Harm     .   (no gloves)
MR       +....                  (no boots)
Stlth    ..........             (no amulet)
Regen    0.2/turn               m - ring of fire
MPRegen  0.1/turn               (no ring)

@: mighty, about to teleport
A: antennae 1, rugged brown scales 2
a: Renounce Religion


You were on level 4 of the Dungeon.
You worshipped Xom.
You were a favourite toy of Xom.
You were not hungry.

You visited 1 branch of the dungeon, and saw 4 of its levels.

You collected 214 gold pieces.

Inventory:

Hand Weapons
 p - a +0 blowgun
Missiles
 c - 123 stones
 r - 3 tomahawks (quivered)
 s - 5 poisoned needles
Armour
 a - a +2 leather armour
 n - a +0 cloak (worn)
 x - a +2 scale mail of magic resistance (worn)
Jewellery
 m - a ring of fire (left hand)
Scrolls
 d - a scroll of fear {unknown}
 e - 3 scrolls of remove curse
 h - 2 scrolls of teleportation
 i - a scroll of immolation
 k - a scroll of enchant armour {unknown}
 l - a scroll of magic mapping {unknown}
 q - 6 scrolls of identify
Potions
 g - a potion of ambrosia
Comestibles
 b - 3 bread rations
 f - 4 royal jellies
 o - a meat ration
 u - 3 fruits


   Skills:
 + Level 3.7 Fighting
 - Level 2.4 Throwing
 - Level 3.0 Armour
 - Level 2.0 Dodging
 + Level 4.0 Unarmed Combat


You had 5 spell levels left.
You didn't know any spells.

Dungeon Overview and Level Annotations

Branches:
Dungeon (4/15)
 Temple: D:4-7

Altars:


Innate Abilities, Weirdness & Mutations

You have a pair of small antennae on your head.
You are mostly covered in rugged brown scales. (AC +2, +5% HP)


Message History

The orc priest barely misses you.
Okay, then.
You hit the orc priest.
The orc priest explodes!
The fiery explosion engulfs the orc.
The orc explodes!
The fiery explosion engulfs you! You resist.
* * * LOW HITPOINT WARNING * * *
The fiery explosion engulfs the orc.
The orc explodes!
The fiery explosion engulfs the iguana.
The iguana explodes!
The fiery explosion engulfs your butterfly.
You kill your butterfly!
The fiery explosion engulfs the orc.
The orc explodes!
The fiery explosion engulfs the orc wizard.
The orc wizard explodes!
The fiery explosion engulfs you! You resist.
You die...

o..###.
##########.oo.#..
#@§ll....#oo..l. .
#§§§§....#....# .
#§§§w....#...## .#
#§.o.....#....#...
######......w.....
##...#####...
###.##......
#....<....
#.......@....


You could see a worm (inner flame), 2 iguanas and a friendly orc priest (inner
flame).

Vanquished Creatures
  Eustachio (D:4)
  An orc priest (D:3)
  3 adders
  4 worms (D:2)
  5 dart slugs
  5 orcs (D:3)
  4 bats
  4 giant cockroaches
  7 hobgoblins
  4 jackals
  3 quokkas
  4 frilled lizards
  5 goblins
  11 kobolds
  8 rats
69 creatures vanquished.

Notes
Turn   | Place    | Note
-------+----------+-------------------------------------------
     0 | D:1      | Phantomfrettchen the Demonspawn Chaos Knight began the quest for the Orb.
     0 | D:1      | Reached XP level 1. HP: 18/18 MP: 1/1
    24 | D:1      | XOM: divination: detect creatures
   105 | D:1      | XOM: divination: magic mapping
   171 | D:1      | Reached skill level 3 in Unarmed Combat
   241 | D:1      | Reached skill level 1 in Dodging
   241 | D:1      | Gained mutation: You have a pair of small antennae on your head. [demonic ancestry]
   241 | D:1      | Reached XP level 2. HP: 20/24 MP: 2/2
   427 | D:1      | XOM: enchant monster (good)
   783 | D:2      | XOM: confusion (+ monsters)
   800 | D:2      | Gained mutation: You are partially covered in rugged brown scales. (AC +1, +3% HP) [demonic ancestry]
   800 | D:2      | Reached XP level 3. HP: 15/29 MP: 3/3
  1074 | D:2      | Found a faded altar of an unknown god.
  1381 | D:2      | XOM: noise
  1407 | D:2      | XOM: silly message
  1419 | D:2      | Gained mutation: You are mostly covered in rugged brown scales. (AC +2, +5% HP) [demonic ancestry]
  1419 | D:2      | Reached XP level 4. HP: 24/36 MP: 4/4
  1485 | D:2      | Reached skill level 1 in Throwing
  2438 | D:3      | Reached XP level 5. HP: 31/43 MP: 5/5
  2782 | D:4      | Noticed Eustachio
  2809 | D:4      | Killed Eustachio
  2809 | D:4      | Reached skill level 4 in Unarmed Combat
  2809 | D:4      | Reached XP level 6. HP: 39/50 MP: 6/6
  2819 | D:4      | XOM: butterfly on damage
  2820 | D:4      | XOM: enchant monster (good)
  2822 | D:4      | Killed from afar by an orc wizard

Skill      XL: |  1  2  3  4  5 |
---------------+----------------+-----
Unarmed Combat | 3 4 |  4.0
Armour         | 2 3 |  3.0
Dodging        | 1 2 |  2.0
Throwing       | 2 |  2.4
Fighting       | |  3.7

Action                   |  1- 3 |  4- 6 || total
-------------------------+-------+-------++-------
Melee: Unarmed           |   141 |    93 ||   234
       Punch             |     2 |     2 ||     4
 Fire: Blowgun           |       |    34 ||    34
Throw: Tomahawk          |    11 |    24 ||    35
       Stone             |       |     9 ||     9
  Use: Potion            |       |     6 ||     6
       Scroll            |       |     4 ||     4
  Eat: Chunk             |     1 |     5 ||     6
Armor: Leather armour    |    45 |    13 ||    58
       Scale mail        |       |    35 ||    35
       Skin              |       |     5 ||     5
Dodge: Dodged            |    92 |    73 ||   165
